[Event "*** Titled Tuesday Blitz"]
[Site "Chess.com"]
[Date "2021.03.30"]
[Round "1"]
[White "Ali-Farahat"]
[Black "VladDobrov"]
[Result "0-1"]
[WhiteElo "2411"]
[BlackElo "2772"]
[TimeControl "180+1"]
[EndTime "10:08:32 PDT"]
[Termination "VladDobrov won on time"]

1. e4 c5 2. Nf3 Nc6 3. Bb5 e6 4. O-O Nge7 5. Re1 a6 6. Bd3 d5 7. exd5 Qxd5 8. Be4 Qd8 9. c3 g6 10. d4 cxd4 11. cxd4 Bg7 12. Bg5 Nxd4 13. Nc3 h6 14. Bh4 g5 15. Bg3 f5 16. Nxd4 Qxd4 17. Qh5+ Kf8 18.
Rad1 Qb6 19. Rd6 Qa5 20. b4 Qc7 21. Red1 Nd5 22. R6xd5 Qxc3 23. Rd8+ Ke7 24. Bd6+ Kxd8 25. Be5+ Ke7 26. Bxc3 Bxc3 27. Qf3 Be5 28. b5 fxe4 29.
Qxe4 Bd6 30. Qd4 Rd8 31. Qg7+ Ke8 32. g3 axb5 33. Qg8+ Ke7 34. Qg7+ Ke8 35. Qxh6 Ra6 36. Qg6+ Kd7 37. Qf7+ Kc6 38. Qf3+ Kb6 39. Qf6 Be7 40.
Qa1 Rxd1+ 41. Qxd1 Bc5 42. Qd8+ Ka7 43. Qxc8 Bb6 44.
Kg2 Rxa2 45. Qxe6 Rxf2+ 46. Kh3 b4 47. Kg4 Rxh2 48. Qb3 Bc5 49. Qa4+ Kb6 50. Qd7 Rf2 51. Qe6+ Kb5 52. Qe8+ Kc4 53. Qd7 b5 54. Qe6+ Kc3 55. Qe5+ Bd4 56. Qxb5 b3 57. Qc6+ Kd3 58. Qb5+ Kc2 59.
Qc4+ Bc3 60. Qe4+ Kb2 61. Qe3 Rd2 62. Qe4 Rd4 0-1

[Event "*** Titled Tuesday Blitz"]
[Site "Chess.com"]
[Date "2021.03.30"]
[Round "1"]
[White "KNCP_719"]
[Black "Eloist"]
[Result "1-0"]
[WhiteElo "2627"]
[BlackElo "2334"]
[TimeControl "180+1"]
[EndTime "10:08:32 PDT"]
[Termination "KNCP_719 won by resignation"]

1. e4 e6 2. c4 d5 3. cxd5 exd5 4. exd5 Nf6 5. Nc3 Nxd5 6. Nf3 Be7 7. d4 O-O 8. Bd3 c6 9. h3 Be6 10. O-O Nd7 11. Ne4 N5f6 12. Re1 Nxe4 13. Bxe4 Nf6 14.
Bc2 Re8 15. Bg5 Nd5 16. Bxe7 Rxe7 17. Ng5 g6 18. Nxe6 Rxe6 19. Rxe6 fxe6 20. Qg4 Qf6 21. Re1 Re8 22. Bb3 Kg7 23. Bxd5 cxd5 24. Re5 Rc8 25. g3 Rc2 26. Re2 h5 27. Qxe6 Qxe6 28.
Rxe6 Rxb2 29. Rd6 Rxa2 30. Rxd5 Kf6 31. Rd6+ Kf5 32. Kg2 b5 33. Rd5+ Ke4 34. Rxb5 Kxd4 35. Rg5 Ra6 36. Rb5 Rb6 37. Ra5 a6 38. f4 Kc4 39.
Kf3 Kb4 40. Ra1 a5 41. g4 h4 42. f5 gxf5 43. gxf5 Rc6 44. Rb1+ Ka3 45. Ra1+ Kb4 46. Rb1+ Ka3 47. Ke4 a4 48. Kd5 Rc2 49. Rf1 Kb3 50.
f6 Rc8 51. f7 Rf8 52. Ke6 a3 53. Ke7 Rh8 54. f8=Q Rxf8 55. Kxf8 a2 56. Kg7 Kb2 57.
Rf2+ Kb1 58. Rf1+ Kb2 59. Kg6 a1=Q 60. Rxa1 Kxa1 61. Kg5 Kb2 62. Kxh4 Kc3 63. Kg5 Kd4 64. Kg6 Ke5 65. h4 Ke6 66. h5 Ke7 67. Kg7 Ke8 68.
h6 1-0

[Event "*** Titled Tuesday Blitz"]
[Site "Chess.com"]
[Date "2021.03.30"]
[Round "1"]
[White "DenLaz"]
[Black "mbachez"]
[Result "1/2-1/2"]
[WhiteElo "2838"]
[BlackElo "2449"]
[TimeControl "180+1"]
[EndTime "10:08:33 PDT"]
[Termination "Game drawn by repetition"]

1. d4 Nf6 2. c4 g6 3. g3 Bg7 4. Bg2 O-O 5. Nc3 d6 6. Nf3 c6 7. O-O Qb6 8. h3 Nbd7 9. e4 e5 10.
Re1 Re8 11. d5 Qc7 12. Be3 a6 13. Rc1 c5 14. a4 Rb8 15. Nd2 b6 16. f4 Nh5 17.
Qf3 f6 18. f5 Nf8 19. Ne2 Qf7 20. g4 Nf4 21. Nxf4 exf4 22. Bxf4 Qe7 23. b4 g5 24. Bg3 cxb4 25. a5 Nd7 26. axb6 Rxb6 27. c5 Nxc5 28. Nc4 Qd8 29. Nxb6 Qxb6 30. Bf2 Bf8 31. Qe3 Qd8 32. Qd4 a5 33. Rb1 Ba6 34.
Red1 Bg7 35. h4 Be2 36. Rdc1 Bxg4 37. Rxc5 dxc5 38. Qxc5 gxh4 39. Bxh4 Bf8 40. Qc6 Bg7 41. d6 Bh5 42. Rc1 Bh6 43. d7 Rf8 44. Re1 b3 45. e5 b2 46. e6 Bc1 47. e7 b1=Q 48. exd8=Q Rxd8 49. Bxf6 Be3+ 50. Kh2 Qb8+ 51. Kh3 Bf2 52.
Qc4+ Bf7 53. Qd3 Bxe1 54. Bxd8 Qxd8 55. Bc6 Qh4+ 56. Kg2 Qf2+ 57. Kh3 Qh4+ 58. Kg2 Qf2+ 59. Kh3 Qh4+ 1/2-1/2

[Event "*** Titled Tuesday Blitz"]
[Site "Chess.com"]
[Date "2021.03.30"]
[Round "1"]
[White "Gentlejimmy7"]
[Black "BrandonJacobson"]
[Result "0-1"]
[WhiteElo "2471"]
[BlackElo "2970"]
[TimeControl "180+1"]
[EndTime "10:08:34 PDT"]
[Termination "BrandonJacobson won by checkmate"]

1. d4 d5 2. g3 Bf5 3. Bg2 e6 4. c4 c6 5. Qb3 Qb6 6. c5 Qc7 7. Bf4 Qc8 8. Nc3 Nd7 9. Nf3 h6 10.
O-O Ngf6 11. Ne5 Nxe5 12. Bxe5 Nd7 13. Bf4 e5 14. Bxe5 Nxe5 15. dxe5 Bxc5 16. Rac1 Bd4 17. Nxd5 Bxe5 18. Qa3 Qd7 19. Nb6 axb6 20. Qxa8+ Qc8 21. Qa3 Be6 22. Rfd1 Bf6 23. Rd2 Be7 24. Qe3 b5 25. a3 O-O 26. Rcd1 Bf6 27. Qb6 Bg4 28. Bf3 Bh3 29. e3 Qf5 30. Bg2 Bxg2 31. Kxg2 Qc8 32. h3 h5 33. Rd7 Bxb2 34. Rd8 Qe6 35. Rxf8+ Kxf8 36. Rd8+ Ke7 37. Qc7+ Kf6 38. Rd6 Bxa3 39. Rxe6+ Kxe6 40. Qxb7 Kd6 41. Qxf7 c5 42. Qf8+ Kd5 43. Qf5+ Kc4 44. Qc2+ Kb4 45. Qb1+ Ka4 46. Qe4+ c4 47. Qc2+ Kb4 48. Qb1+ Kc5 49. Kf3 b4 50. Ke4 b3 51.
Qa1 Kb4 52. Qd4 b2 53. Qb6+ Kc3 54. Kd5 Kc2 55. Kxc4 b1=Q 56. Qxb1+ Kxb1 57. Kd3 Kc1 58. g4 h4 59. Ke4 Kd2 60. f4 Ke2 61. g5 Kf2 62. Kf5 Kg3 63. Kg6 Bb2 64. e4 Kxf4 65. Kh5 Kg3 66. Kg6 Kxh3 67. Kf5 Kg3 68. e5 Bxe5 69. Kxe5 h3 70. g6 h2 71. Ke6 h1=Q 72. Kf7 Qb7+ 73. Kg8 Kg4 74. Kh7 Kg5 75. Kg8 Kxg6 76.
Kh8 Qc8# 0-1

[Event "*** Titled Tuesday Blitz"]
[Site "Chess.com"]
[Date "2021.03.30"]
[Round "1"]
[White "DrVelja"]
[Black "manmanlai1"]
[Result "1-0"]
[WhiteElo "2887"]
[BlackElo "2457"]
[TimeControl "180+1"]
[EndTime "10:08:34 PDT"]
[Termination "DrVelja won by resignation"]

1. Nf3 Nf6 2. c4 g6 3. Nc3 d5 4.
cxd5 Nxd5 5. e4 Nxc3 6. dxc3 Qxd1+ 7. Kxd1 Bg4 8. Kc2 Bxf3 9. gxf3 e5 10. f4 Bc5 11. fxe5 Bxf2 12. Bc4 Nd7 13. e6 fxe6 14. Bxe6 Nc5 15. Bd5 c6 16. Bc4 O-O-O 17. Bg5 Rde8 18.
Bf6 Rhf8 19. e5 Nd7 20. Rhf1 Nxe5 21. Bxe5 Rxe5 22. Rad1 Rf4 23. Bg8 h6 24. Rd3 Re2+ 25. Kb3 a5 26. a4 Re8 27. Bh7 g5 28. Rfd1 Kc7 29. Rd7+ Kb6 30. Rg7 Re2 31. Rdd7 Bg1 32. Rxb7+ Kc5 33. Ka3 Rff2 34. Rgc7 Bxh2 35. Rc8 Be5 36. Bd3 Rd2 37. Bb5 Rxb2 38. Rxc6+ Kd5 39. Rd7+ Ke4 40. Rc4+ Kf5 41. Rf7+ Kg6 42. Rc6+ Kh5 43. Rcf6 Ra2+ 44. Kb3 Rfc2 45. Rf3 Rab2+ 46. Ka3 Ra2+ 47.
Kb3 Rab2+ 48. Kc4 g4 49. R3f5+ Kh4 50. Rxe5 Rf2 51. Rxf2 Rxf2 52. Re6 Rf4+ 53. Kd5 h5 54. c4 g3 55. Re1 Rf5+ 56. Ke4 Rf7 57. Kd3 g2 58. Rg1 Kg3 59. Bc6 Rf2 60. c5 h4 61.
Bxg2 Rxg2 62. Rxg2+ Kxg2 63. c6 h3 64. c7 h2 65. c8=Q h1=Q 66. Qc6+ Kg1 67. Qxh1+ Kxh1 68. Kc4 Kg2 69. Kb5 Kf3 70. Kxa5 Ke4 71. Kb6 Kd5 72. a5 Kd6 73. a6 1-0

[Event "*** Titled Tuesday Blitz"]
[Site "Chess.com"]
[Date "2021.03.30"]
[Round "1"]
[White "RafalBRC"]
[Black "MustafayevFarid2004"]
[Result "0-1"]
[WhiteElo "2178"]
[BlackElo "2520"]
[TimeControl "180+1"]
[EndTime "10:08:34 PDT"]
[Termination "MustafayevFarid2004 won by resignation"]

1. d4 Nf6 2. c4 e6 3. Nc3 Bb4 4. Bg5 O-O 5. Qc2 d5 6. Nf3 h6 7. Bh4 Nbd7 8. e3 c6 9. Bd3 Qa5 10. O-O Re8 11. Ne5 Nxe5 12. dxe5 Nd7 13. f4 Qc5 14.
Qe2 Bxc3 15. bxc3 dxc4 16. Bxc4 Nb6 17. Bb3 Nd5 18. Bxd5 exd5 19. Rac1 Bf5 20. c4 d4 21. e4 d3+ 22. Qf2 Qxf2+ 23. Bxf2 Bxe4 24. Rfd1 b6 25. c5 b5 26. Rc3 Red8 27. Bg3 Rd5 28. Bh4 a5 29.
Be7 b4 30. Rc4 Bf5 31. Bd6 Ra7 32. h3 h5 33. Kf2 Rb7 34. Ke3 b3 35. axb3 Rxb3 36. Rd2 Rb1 37. Ra4 Re1+ 38. Kf2 Re4 39. Rxe4 Bxe4 40. Ke3 Bf5 41. Ra2 Kh7 42. g3 Bxh3 43. Kd2 Be6 44. Rxa5 Kg6 45. Ra3 Bf5 46.
Ra6 Bd7 47. Ra3 Kf5 48. Be7 Kg4 49. Bh4 Bf5 50. Rc3 Rd4 51. Rc1 Rb4 52. Ke3 Rb2 53. Re1 Rb3 54. Kd2 Rb2+ 55. Ke3 Rc2 56. Kd4 d2 57.
Rd1 Kf3 58. Bd8 Ke2 59. Rh1 d1=Q+ 60. Rxd1 Kxd1 61. e6 fxe6 62. Ke5 Rxc5+ 63. Kd6 Rd5+ 64. Ke7 Rxd8 65. Kxd8 Ke2 0-1

[Event "*** Titled Tuesday Blitz"]
[Site "Chess.com"]
[Date "2021.03.30"]
[Round "1"]
[White "ViktoriyaTarasova"]
[Black "Vuk2000"]
[Result "1/2-1/2"]
[WhiteElo "2409"]
[BlackElo "2738"]
[TimeControl "180+1"]
[EndTime "10:08:37 PDT"]
[Termination "Game drawn by repetition"]

1. d4 Nf6 2. c4 e6 3. Nc3 Bb4 4.
Nf3 O-O 5. e3 d5 6. Bd3 c5 7. cxd5 exd5 8. O-O c4 9. Bc2 Bg4 10.
h3 Bh5 11. Bd2 Nc6 12. a3 Bxc3 13. Bxc3 b5 14. g4 Bg6 15. Ne5 Bxc2 16. Qxc2 Qd6 17. f3 a5 18. g5 Nd7 19. Nxc6 Qxc6 20. e4 Qg6 21. Qg2 Nb6 22. Rae1 Rfe8 23. Re2 Qd6 24.
Rfe1 b4 25. axb4 axb4 26. e5 Qe7 27. Bd2 Ra2 28. Bc1 Qe6 29. f4 Qf5 30. Qg4 Qxg4+ 31. hxg4 Na4 32. f5 c3 33. b3 Rxe2 34. Rxe2 Nb6 35.
Ra2 g6 36. Ra6 Ra8 37. Rxa8+ Nxa8 38. Kf2 Nc7 39. Ke3 Kf8 40. Kd3 Ke7 41. Bf4 Nb5 42. Bc1 Na7 43. Kc2 Nc6 44. Kd3 Kd7 45. Bf4 gxf5 46.
gxf5 Ne7 47. e6+ fxe6 48. f6 Ng6 49. Be5 Nxe5+ 50. dxe5 Ke8 51. Kc2 Kf7 52. Kd3 Kg6 53. Kc2 d4 54. Kd3 Kf7 55. Kc2 Kg6 56. Kd3 Kf7 57. Kc2 Kg8 58. Kd3 Kf8 59. Kc2 Kf7 60. Kd3 Kg6 61. Kc2 Kf7 62. Kd3 Kg6 63. Kc2 Kf7 1/2-1/2

[Event "*** Titled Tuesday Blitz"]
[Site "Chess.com"]
[Date "2021.03.30"]
[Round "1"]
[White "swimmerchess"]
[Black "lucachess49"]
[Result "1-0"]
[WhiteElo "2825"]
[BlackElo "2434"]
[TimeControl "180+1"]
[EndTime "10:08:38 PDT"]
[Termination "swimmerchess won by resignation"]

1. e4 e5 2. Nf3 Nc6 3. Bb5 a6 4. Ba4 Nf6 5. O-O Be7 6. Re1 b5 7. Bb3 d6 8. c3 O-O 9. h3 Na5 10. Bc2 c5 11. d4 Qc7 12. Nbd2 Nc6 13. d5 Nd8 14. a4 Rb8 15. b3 g6 16. c4 b4 17. Nf1 Nh5 18. g4 Nf4 19. Bxf4 exf4 20.
Qd2 Bf6 21. Rad1 Bc3 22. Qxf4 Bxe1 23. Rxe1 f6 24. Ne3 Qe7 25. Qg3 Nf7 26. Nd2 Bd7 27. f4 Rbe8 28. h4 Kh8 29. Nf3 g5 30. hxg5 fxg5 31. f5 Qf6 32. Kg2 Qc3 33. Qh3 h6 34. Kf2 Re7 35. Rh1 Qf6 36. Qh5 Kg7 37. Ng2 Be8 38.
Qh2 Rh8 39. Ne3 Ne5 40. Nd2 h5 41. gxh5 Rxh5 42. Qg2 Qh6 43. Rxh5 Qxh5 44. Ndf1 Qh4+ 45. Kg1 Bh5 46. Ng3 Nf3+ 47. Kf2 Kf6 48. Kf1 g4 49.
Qf2 Nh2+ 50. Kg1 Rg7 51. Qxh2 Qxh2+ 52. Kxh2 Bf7 53. Bd1 Kg5 54. Nxg4 Rh7+ 55. Kg2 Kf4 56. Nf6 Rg7 57. Ng4 Rg8 58. Kh3 Rh8+ 59. Kg2 Rg8 60. Kf2 Rxg4 61. Bxg4 Kxg4 62. Ne2 Be8 63. Ke3 Kg5 64.
Nf4 Kg4 65. Ne6 Kg3 66. f6 Bf7 67.
Nd8 Bg6 68. f7 1-0

[Event "*** Titled Tuesday Blitz"]
[Site "Chess.com"]
[Date "2021.03.30"]
[Round "1"]
[White "ChelsieMonica"]
[Black "NikolaN98"]
[Result "1/2-1/2"]
[WhiteElo "2373"]
[BlackElo "2679"]
[TimeControl "180+1"]
[EndTime "10:08:38 PDT"]
[Termination "Game drawn by repetition"]

1. c4 f5 2. Nf3 Nf6 3. g3 d6 4.
Bg2 e5 5. O-O Be7 6. d4 O-O 7.
dxe5 dxe5 8. Qxd8 Bxd8 9. Nxe5 c6 10. Nc3 Re8 11. Nd3 Be6 12. b3 Nbd7 13. Ba3 a5 14. Rad1 Bb6 15. Na4 Bc7 16. Ndc5 Nxc5 17. Nxc5 Bf7 18.
Nxb7 Rxe2 19. Bxc6 Rxa2 20. Bd6 Bb6 21. c5 Ba7 22.
Nxa5 Rc8 23. Bb7 Re8 24. b4 Ne4 25. Bc6 Rc8 26. Bd7 Rd8 27. Bxf5 Nd2 28. Rxd2 Rxd2 29.
Nc6 Ra8 30. Nxa7 Rxa7 31. b5 Bd5 32. b6 Rf7 33. Bh3 g5 34. Bg2 Rb7 35. Bxd5+ Rxd5 36. Re1 Kf7 37. Kg2 h6 38. g4 Rd4 39. h3 Rd5 40.
Re3 Rd4 41. Re5 Rd3 42. f3 Rd2+ 43. Kg3 Rd3 44. h4 gxh4+ 45. Kxh4 Rxf3 46. c6 Rxb6 47. c7 Rc3 48. Re7+ Kg8 49. Be5 Rbc6 50. Rg7+ Kf8 51. Rh7 Rc1 52. Kg3 Kg8 53. Rd7 Kf8 54.
Kf4 Ke8 55. Rh7 R1c4+ 56. Kf5 Kf8 57. Rh8+ Kf7 58. Rd8 Ke7 59. Rg8 Kf7 60. Rg7+ Kf8 61. Rh7 R4c5 62. Rh8+ Kf7 63. Rh7+ Kg8 64. Rg7+ Kf8 65.
Rd7 Rc4 66. g5 hxg5 67. Kxg5 R4c5 68. Kf5 Ke8 69. Rh7 Kf8 70. Rh8+ Kf7 71. Rh7+ Kf8 72. Rh8+ Kf7 73. Rh7+ Kf8 1/2-1/2

[Event "*** Titled Tuesday Blitz"]
[Site "Chess.com"]
[Date "2021.03.30"]
[Round "1"]
[White "Borsuk_Konstantin"]
[Black "Eternauta2400"]
[Result "1/2-1/2"]
[WhiteElo "2662"]
[BlackElo "2366"]
[TimeControl "180+1"]
[EndTime "10:08:38 PDT"]
[Termination "Game drawn - insufficient material"]

1. d4 Nf6 2. c4 e6 3. Nc3 Bb4 4. Qc2 O-O 5. a3 Bxc3+ 6. Qxc3 d6 7. Bg5 Nbd7 8. f3 h6 9. Bh4 e5 10. e3 Re8 11. d5 c6 12. dxc6 bxc6 13. Ne2 d5 14.
Rd1 a5 15. Bf2 Ba6 16. Nc1 e4 17. Be2 exf3 18. gxf3 Ne5 19. c5 Bxe2 20. Kxe2 Qd7 21. Bg3 Qf5 22. Bxe5 Rxe5 23. Nb3 Rae8 24. Rd3 Nh5 25.
Kf2 Qh3 26. Nd4 Rg5 27. Rf1 Nf4 28. Rd2 Qxh2+ 29. Ke1 Rg2 30. Kd1 Nh3 31. Qc2 Rxd2+ 32.
Qxd2 Qxd2+ 33. Kxd2 Rc8 34. b4 axb4 35. axb4 Ng5 36. Ra1 Ne6 37. Nf5 Rc7 38. Kc3 h5 39.
e4 dxe4 40. fxe4 g6 41. Nd6 h4 42. Rh1 g5 43. Kc4 Nf4 44. b5 cxb5+ 45. Nxb5 Rc6 46.
Nd4 Rc8 47. c6 h3 48. Kc5 g4 49. Nf5 Kf8 50. Kb6 Ne6 51. Rg1 h2 52. Rh1 g3 53.
Nxg3 Nd8 54. c7 Ne6 55. Rxh2 Rxc7 56. Nf5 Kg8 57. Rg2+ Kf8 58. Rh2 Ke8 59. Rh8+ Kd7 60. Rh7 Rc6+ 61. Kb5 Rc5+ 62. Kb4 Re5 63. Rxf7+ Kc6 64.
Re7 Rxe4+ 65. Ka3 Kd5 66. Re8 Nc5 67. Rxe4 Nxe4 1/2-1/2

[Event "*** Titled Tuesday Blitz"]
[Site "Chess.com"]
[Date "2021.03.30"]
[Round "1"]
[White "liczner"]
[Black "Trickov"]
[Result "1-0"]
[WhiteElo "2815"]
[BlackElo "2431"]
[TimeControl "180+1"]
[EndTime "10:08:39 PDT"]
[Termination "liczner won on time"]

1. e4 c5 2. Nf3 d6 3. d4 Nf6 4. Nc3 cxd4 5. Nxd4 a6 6. f4 e5 7. Nf3 Qc7 8. Bd3 Nbd7 9. a4 Nc5 10. O-O Be7 11. Kh1 O-O 12. Qe2 Nxd3 13. cxd3 Bg4 14.
h3 Bxf3 15. Rxf3 Qc6 16. fxe5 dxe5 17. Bg5 Rae8 18. Bxf6 Bxf6 19. Nd5 Bd8 20. Rff1 Bb6 21. Rac1 Qe6 22. Qg4 Qxg4 23. hxg4 Bd8 24. g3 b5 25.
axb5 axb5 26. Rc5 Bg5 27. Rxb5 Rb8 28. Rxb8 Rxb8 29. b4 f6 30. Rb1 Bd2 31. Kg2 Kf7 32. Kf3 Ke6 33. Ke2 Bh6 34. Ra1 Rc8 35. Ra6+ Kf7 36. Ra7+ Ke6 37. Ra6+ Kf7 38. Ra2 Rc1 39. Rb2 Rh1 40. Kf3 Rf1+ 41. Kg2 Ra1 42. b5 Ra7 43. b6 Rb7 44. Ra2 Ke6 45. Ra7 Rb8 46.
Kf3 Kd6 47. Ke2 Kc6 48. Rc7+ Kd6 49. Ra7 Kc6 50. Kd1 Rb7 51. Ra8 Kc5 52. Kc2 Kd4 53. Ra4+ Kc5 54. Rc4+ Kb5 55. Rc7 Ka6 56. Rc8 Kb5 57. Kb3 Bd2 58. Rc7 Ka6 59. Kc4 Ba5 60. Rxb7 Kxb7 61. Kb5 Be1 62. Nb4 Bf2 63. Nd5 Bxg3 64.
Kc5 Bf2+ 65. Kd6 Bxb6 66. Ke6 1-0

[Event "*** Titled Tuesday Blitz"]
[Site "Chess.com"]
[Date "2021.03.30"]
[Round "1"]
[White "onetowin"]
[Black "Lion-Al-Messi"]
[Result "0-1"]
[WhiteElo "2003"]
[BlackElo "2491"]
[TimeControl "180+1"]
[EndTime "10:08:39 PDT"]
[Termination "Lion-Al-Messi won by resignation"]

1. d4 d5 2. Nf3 Nf6 3. g3 c5 4.
c4 dxc4 5. Bg2 Nc6 6. O-O cxd4 7.
Qa4 Bd7 8. Qxc4 e5 9. e3 dxe3 10. Bxe3 Bd6 11. Rd1 Qe7 12. Nc3 O-O 13. Nb5 Be6 14. Qc1 Rfd8 15. Nxd6 Rxd6 16. Qc3 Rad8 17. Rxd6 Qxd6 18. Bc5 Qc7 19. Rc1 Ne4 20. Qa3 Nxc5 21. Qxc5 Qd6 22. Qxd6 Rxd6 23. Ng5 g6 24. Bxc6 bxc6 25. Ne4 Rd4 26. f3 Bd5 27. Kf1 Bxe4 28. fxe4 Rxe4 29. Rxc6 Ra4 30. a3 e4 31. Ke2 f5 32.
Ke3 Kg7 33. Rc7+ Kh6 34. Kf4 Ra5 35. h4 Rb5 36. b4 a5 37. Rc4 axb4 38. Rxb4 Rd5 39.
a4 Rd3 40. a5 Rf3+ 41. Ke5 Rxg3 42. Ra4 Rc3 43. a6 Rc8 44. a7 Ra8 45. Kf4 Kg7 46.
Ke3 Kf6 47. Kf4 h6 48. Ra6+ Kf7 49. Ke3 g5 50. Rxh6 Kg7 51. Ra6 gxh4 52. Kf2 f4 53.
Ra4 e3+ 54. Kf3 h3 55. Rxf4 Rxa7 56. Rh4 e2 57. Kxe2 h2 58. Rh3 Ra2+ 59. Kf3 Ra3+ 60. Kg2 Rxh3 61. Kxh3 h1=Q+ 0-1

[Event "*** Titled Tuesday Blitz"]
[Site "Chess.com"]
[Date "2021.03.30"]
[Round "1"]
[White "jup1978"]
[Black "KeithArkell"]
[Result "0-1"]
[WhiteElo "2338"]
[BlackElo "2635"]
[TimeControl "180+1"]
[EndTime "10:08:41 PDT"]
[Termination "KeithArkell won on time"]

1. e4 c6 2. d4 d5 3. Nd2 dxe4 4. Nxe4 Nd7 5. Bc4 Ngf6 6. Ng5 e6 7. Qe2 Nb6 8. Bb3 h6 9. N5f3 a5 10. a3 a4 11. Ba2 c5 12. Ne5 cxd4 13. Ngf3 Be7 14. Bf4 Nbd5 15. Bg3 Qb6 16. O-O O-O 17. Rab1 Nh5 18. Rfd1 Nxg3 19. hxg3 Bc5 20. Nd3 Bd6 21. Nde5 Bc5 22. Nd3 Be7 23. Nde5 Bf6 24. Ng4 Bd7 25. Bxd5 exd5 26. Nxf6+ Qxf6 27. Nxd4 Rfe8 28. Qf3 Qxf3 29. gxf3 Bc6 30. Re1 g6 31. Kf1 h5 32. f4 Kg7 33.
Rxe8 Rxe8 34. Re1 Rc8 35. c3 Kf6 36. Kg2 Bd7 37. Re5 Be6 38. Re2 Rh8 39. f3 Rc8 40. Rd2 g5 41. f5 Bd7 42. g4 hxg4 43. fxg4 Rh8 44. Nf3 Bc6 45. Rd4 Re8 46. Kf2 Re4 47. Rxe4 dxe4 48. Nd4 Ke5 49. Ke3 f6 50. Ne2 Bb5 51.
Nd4 Bc4 52. Nc2 Bb3 53. Nd4 Bd1 54. Ne6 Bxg4 55. Nc5 b5 56. Nd7+ Kxf5 57. Nc5 Bf3 58. c4 bxc4 59. Nxa4 Bd1 60. Nb6 Bb3 61. a4 Ke5 62. a5 Kd6 63. Kxe4 Bc2+ 64. Kd4 Kc6 65. Nxc4 g4 66. Ne3 g3 0-1

[Event "*** Titled Tuesday Blitz"]
[Site "Chess.com"]
[Date "2021.03.30"]
[Round "1"]
[White "Leonid_Starozhilov"]
[Black "RaphCamora"]
[Result "0-1"]
[WhiteElo "2699"]
[BlackElo "2404"]
[TimeControl "180+1"]
[EndTime "10:08:42 PDT"]
[Termination "RaphCamora won by resignation"]

1. e4 c5 2. Nf3 Nc6 3. Bb5 g6 4. O-O Bg7 5. Nc3 Nd4 6. a4 a6 7. Bd3 e6 8. Nxd4 cxd4 9. Ne2 Ne7 10. c3 Nc6 11. cxd4 Nxd4 12. Nxd4 Bxd4 13. Rb1 O-O 14.
b4 Qf6 15. Qe2 d6 16. Kh1 Bd7 17. b5 a5 18. Ba3 e5 19. Bc4 Be6 20. Rbc1 Rac8 21.
d3 Bxc4 22. Rxc4 Rxc4 23. dxc4 Rc8 24. f3 Qe6 25. Rc1 b6 26. g3 h5 27. Kg2 Kg7 28. h4 f5 29. Rc2 fxe4 30. Qxe4 Rxc4 31. Qb7+ Kf6 32. Re2 Rc3 33. Bb2 Re3 34. Rxe3 Bxe3 35. Qh7 Qf7 36. Qh8+ Ke6 37. Qc8+ Qd7 38. Qg8+ Qf7 39.
Qc8+ Kf6 40. Qc6 Bc5 41. Bc1 Kg7 42. Bg5 Qa2+ 43. Kh3 Qe6+ 44. Kh2 Qa2+ 45. Kh3 Qf7 46. Kg2 Qf5 47. Qb7+ Qf7 48. Qe4 Bd4 49. g4 d5 50. Qd3 hxg4 51. fxg4 Qf2+ 52. Kh3 e4 53. Qd2 Qxd2 54. Bxd2 e3 55. Be1 Bc5 56. Kg3 d4 57. Kf3 d3 58. Bc3+ Kf7 59. h5 gxh5 60.
gxh5 e2 61. Ke4 Bb4 62. Kxd3 Bxc3 63. Kxe2 Kg7 64. Kd3 Bb4 65. Ke4 Bc5 66. Kf5 Kh6 67. Kg4 Be7 68. Kf5 Kxh5 69. Ke6 Bc5 70. Kd5 Kg4 71. Kc4 Kf3 72. Kb3 Ke2 73. Kc4 Kd1 74. Kb3 Kc1 75. Kc3 Kb1 76. Kb3 Ka1 77. Kc3 Ka2 0-1

[Event "*** Titled Tuesday Blitz"]
[Site "Chess.com"]
[Date "2021.03.30"]
[Round "1"]
[White "IljaJoke"]
[Black "mr65"]
[Result "1-0"]
[WhiteElo "2503"]
[BlackElo "2094"]
[TimeControl "180+1"]
[EndTime "10:08:42 PDT"]
[Termination "IljaJoke won on time"]

1. e4 e5 2. Nf3 Nc6 3. Bc4 Nf6 4. d3 Bc5 5. c3 d6 6. O-O h6 7. Nbd2 O-O 8. Re1 Bb6 9. h3 Ne7 10.
Nf1 Ng6 11. a4 a5 12. Ng3 Be6 13. Bxe6 fxe6 14. Be3 Bxe3 15. fxe3 b6 16. d4 exd4 17. exd4 e5 18. dxe5 dxe5 19. Qb3+ Kh7 20. Rad1 Qe7 21. Nf5 Qf7 22. Qxf7 Rxf7 23. g4 Rff8 24. Rd2 Nf4 25. Kh2 g6 26. Ne7 Rfe8 27. Nc6 Re6 28. Nfxe5 Rae8 29. Kg3 g5 30. h4 Rxe5 31. Nxe5 Rxe5 32. Kf3 Kg7 33. h5 Kf7 34. b4 Ke7 35. bxa5 bxa5 36. Rb2 Rc5 37. Re3 Nd7 38. Rb5 Ne5+ 39.
Kg3 Kd6 40. Rb8 Rc4 41. Rh8 Rxa4 42. Rxh6+ Ke7 43. Rh7+ Nf7 44. e5 Ra2 45. e6 Nxe6 46. Rg7 Ra1 47. h6 Rh1 48. h7 Kf6 49. Rg8 Rxh7 50.
Ra8 Nf4 51. Rxa5 Rh3+ 52. Kf2 Rh2+ 53. Kg3 Rh3+ 54. Kf2 Rxe3 55. Kxe3 Ne5 56. Ke4 Nxg4 57. Rc5 Ne6 58. Rf5+ Ke7 59. Ra5 Nf6+ 60. Kf5 g4 61.
Re5 Kf7 62. Rxe6 Nd5 63. Re1 g3 64. c4 1-0

[Event "*** Titled Tuesday Blitz"]
[Site "Chess.com"]
[Date "2021.03.30"]
[Round "1"]
[White "krzyzan94"]
[Black "2nd_life"]
[Result "0-1"]
[WhiteElo "2691"]
[BlackElo "2399"]
[TimeControl "180+1"]
[EndTime "10:08:43 PDT"]
[Termination "2nd_life won by checkmate"]

1. c4 e5 2. g3 c6 3. Bg2 d5 4.
cxd5 cxd5 5. d4 e4 6. Nc3 Bb4 7. Nh3 Nf6 8. O-O h6 9. Nf4 O-O 10. f3 Bxc3 11. bxc3 Bf5 12. g4 exf3 13. exf3 Bh7 14.
h4 Nc6 15. g5 hxg5 16. hxg5 Nd7 17. Nxd5 Re8 18. f4 Be4 19. Bxe4 Rxe4 20. Qf3 Re8 21. Bd2 Nb6 22. Nxb6 Qxb6 23. f5 Nxd4 24. cxd4 Qxd4+ 25. Qf2 Qg4+ 26. Qg2 Qd4+ 27. Qf2 Qg4+ 28. Kh1 Qh3+ 29. Qh2 Qxh2+ 30. Kxh2 Re2+ 31. Kg3 Rxd2 32. Rac1 Rxa2 33.
Rc7 Rd8 34. Rf3 b5 35. Rb7 a6 36. g6 fxg6 37. fxg6 Ra1 38. Rff7 Rg1+ 39. Kf2 Rxg6 40. Rfc7 Rf8+ 41. Ke3 Ra8 42. Re7 a5 43. Rxb5 a4 44.
Rbe5 a3 45. Re8+ Rxe8 46. Rxe8+ Kh7 47. Ra8 Rg3+ 48. Kf4 Rb3 49. Kg5 Rg3+ 50. Kf4 Rb3 51. Kg5 Rc3 52. Ra6 Kg8 53. Ra7 Kf8 54. Kg6 Rg3+ 55.
Kf5 Ke8 56. Ke6 Kd8 57. Kd6 Kc8 58. Kc6 Kb8 59. Rb7+ Ka8 60. Rb4 Rc3+ 61. Kb6 Kb8 62. Ra4 Rb3+ 63. Kc6 g5 64. Kd5 Kb7 65. Kc4 Rg3 66. Kc5 Kc7 67. Ra7+ Kb8 68. Ra4 g4 69. Kd5 Kb7 70. Kc5 Rc3+ 71. Kd4 Rb3 72. Kc4 Rf3 73. Kc5 g3 74. Rg4 a2 75. Rg7+ Ka6 76. Rg8 Rc3+ 77. Kb4 Rc7 78. Rxg3 a1=Q 79. Rg6+ Ka7 80. Kb3 Qc3+ 81. Ka2 Qc2+ 82. Ka3 Qxg6 83. Kb4 Qb6+ 84. Ka4 Rc5 85. Ka3 Ra5# 0-1

[Event "*** Titled Tuesday Blitz"]
[Site "Chess.com"]
[Date "2021.03.30"]
[Round "1"]
[White "Isajevsky_Anton"]
[Black "RamyresCoelho"]
[Result "1-0"]
[WhiteElo "2514"]
[BlackElo "2159"]
[TimeControl "180+1"]
[EndTime "10:08:48 PDT"]
[Termination "Isajevsky_Anton won by resignation"]

1. c4 Nf6 2. Nc3 g6 3. g3 Bg7 4. Bg2 O-O 5. e3 d6 6. Nge2 e5 7. O-O Nc6 8. Rb1 Be6 9. Nd5 Bxd5 10. cxd5 Ne7 11. Nc3 Nd7 12. b4 a5 13. a3 axb4 14.
axb4 b6 15. d3 f5 16. Qb3 f4 17. Bh3 fxg3 18. hxg3 Kh8 19. e4 h5 20. Kg2 Nf6 21. Be6 Neg8 22. f3 Bh6 23. Rb2 Bxc1 24. Rxc1 Nh6 25.
Nb5 Ne8 26. Qd1 Qg5 27. Qd2 Qxd2+ 28. Rxd2 Ra4 29. Rb2 Nf7 30. Bd7 Ng5 31. Nxc7 Ra3 32.
Nxe8 Rxd3 33. Rf2 Rfxf3 34. Rxf3 Rxf3 35. Nxd6 Rb3 36. b5 Rb2+ 37. Kf1 Nf3 38. Rc3 Nh2+ 39. Ke1 Kg7 40. Be6 Kh6 41. Nf7+ Kg7 42. Nxe5 Kf6 43. Nf3 Ng4 44. Bxg4 hxg4 45. Nd4 Ke5 46. Nc6+ Kxe4 47. d6 Rb1+ 48. Kd2 Rb2+ 49. Rc2 Rxb5 50. Rc4+ Kf3 51.
Rd4 Rb2+ 52. Kc3 Ra2 53. d7 Ra3+ 54. Kb4 Ra8 55. Rd3+ Ke2 56. Rb3 Kf2 57. d8=Q Rxd8 58. Nxd8 Kg2 59. Ne6 Kh3 60. Kb5 Kh2 61. Kxb6 Kh3 62.
Kc6 Kh2 63. Kd6 Kh3 64. Ke5 g5 65. Kf5 Kh2 66. Kxg4 Kg2 67. Rb2+ Kf1 68. Nxg5 Ke1 69. Nf3+ Kd1 70. Kf4 Kc1 71. Rd2 Kb1 72. g4 Kc1 73. g5 1-0

[Event "*** Titled Tuesday Blitz"]
[Site "Chess.com"]
[Date "2021.03.30"]
[Round "1"]
[White "aunqa"]
[Black "frenchpin"]
[Result "0-1"]
[WhiteElo "2096"]
[BlackElo "2507"]
[TimeControl "180+1"]
[EndTime "10:08:49 PDT"]
[Termination "frenchpin won on time"]

1. e4 e6 2. d4 d5 3. Nd2 c5 4. exd5 exd5 5. Ngf3 Nc6 6. Bb5 Qe7+ 7. Qe2 Qxe2+ 8.
Kxe2 a6 9. Bxc6+ bxc6 10. dxc5 Bxc5 11. Nb3 Bd6 12. Be3 Rb8 13. Rab1 Nf6 14. Rhe1 Ne4 15. Kf1 c5 16. Nxc5 Bf5 17. Nd3 f6 18. Nd4 Bg6 19. f3 Nc5 20. Bf4+ Kd7 21. Bxd6 Kxd6 22. Nxc5 Kxc5 23. Ne6+ Kd6 24. Nxg7 Bxc2 25. Rbc1 Rxb2 26. Re6+ Kd7 27. Rxf6 Rg8 28. Rf7+ Kd6 29. Re1 Bd3+ 30. Kg1 Rxa2 31. g3 a5 32. Re6+ Kc5 33. Rc7+ Kd4 34.
Rd7 Ra1+ 35. Kg2 Bf1+ 36. Kf2 Bh3 37. Re4+ Kc5 38. Rc7+ Kb6 39. Ree7 Ra2+ 40. Kg1 Rb8 41. g4 Ka6 42. Ra7+ Kb5 43. Ne6 Kc4 44. Rab7 Rxb7 45.
Rxb7 Rg2+ 46. Kh1 Rd2 47. Rc7+ Kb4 48. Kg1 a4 49. Nf4 Rd1+ 50. Kf2 Bf1 51. Rb7+ Bb5 52. Ne6 a3 53. Nc7 a2 54. Rxb5+ Ka4 55. Rb8 a1=Q 56. Ra8+ Kb3 57. Rxa1 Rxa1 58. Nxd5 Ra2+ 59. Kg3 Kc4 60.
Nf6 Ra7 61. h4 Kd4 62. g5 Ke5 63. Kg4 Ra4+ 64. Kh5 Rf4 65. Nxh7 Rxf3 66. g6 Rg3 67. Kh6 Ke6 68. Ng5+ Kf6 69. g7 Rg4 0-1